 Dungeon Crawl Stone Soup version 0.27-a0-200-g8ba017916c (webtiles) character file.

Game seed: 17630535430167724312

82 vurker the Bolt Thrower (level 4, -2/30 HPs)
             Began as a Halfling Hunter on Jan 29, 2021.
             Slain by a lemure (7 damage)
             ... led by Pikel
             ... on level 3 of the Dungeon.
             The game lasted 00:01:57 (2252 turns).

vurker the Bolt Thrower (Halfling Hunter)           Turns: 2252, Time: 00:01:57

Health: -2/30      AC:  3    Str: 14    XL:     4   Next: 70%
Magic:  4/4        EV: 14    Int:  9    God:
Gold:   60         SH:  0    Dex: 14    Spells: 3/3 levels left

rFire    . . .     SeeInvis .   a - +1 hand crossbow
rCold    . . .     Faith    .   (shield restricted)
rNeg     + . .     Spirit   .   c - +0 leather armour
rPois    .         Reflect  .   (no helmet)
rElec    .         Harm     .   (no cloak)
rCorr    .         Rampage  .   (no gloves)
Will     .....                  (no boots)
Stlth    +.........             (no amulet)
HPRegen  0.10/turn              (no ring)
MPRegen  0.09/turn              e - ring of positive energy

@: no status effects
A: small, mutation resistance 1
a: no special abilities


You were on level 3 of the Dungeon.
You visited 1 branch of the dungeon, and saw 4 of its levels.

You collected 60 gold pieces.

Inventory:

Hand Weapons
 a - a +1 hand crossbow (weapon)
 b - a +0 short sword
Missiles
 d - 27 bolts (quivered ammo)
Armour
 c - a +0 leather armour (worn)
Jewellery
 e - a ring of positive energy (right hand)
   (You found it on level 1 of the Dungeon)
 h - an uncursed ring of ice
   (You found it on level 1 of the Dungeon)
Scrolls
 f - 2 scrolls of random uselessness {unknown}
 g - 2 scrolls of enchant armour {unknown}
 i - 2 scrolls of teleportation {unknown}
 j - a scroll of amnesia {unknown}
 l - 2 scrolls of identify {unknown}
Potions
 k - a potion of lignification {unknown}


   Skills:
 + Level 2.7 Fighting
 * Level 5.8 Crossbows
 - Level 2.1 Dodging
 - Level 1.1 Stealth


You had 3 spell levels left.
You didn't know any spells.
Your spell library contained the following spells:

 Spells                   Type           Power        Failure   Level
 Magic Dart               Conj           0%           45%         1
 Blink                    Tloc           N/A          61%         2
 Call Imp                 Summ           0%           61%         2
 Slow                     Hex            0%           61%         2
 Conjure Flame            Conj/Fire      0%           83%         3
 Mephitic Cloud           Conj/Pois/Air  0%           83%         3


Dungeon Overview and Level Annotations

Branches:
Dungeon (4/15)
 Temple: D:4-7

Altars:

Annotations:
D:4 Pikel, Sigmund


Innate Abilities, Weirdness & Mutations

You are small and have problems with some larger weapons.
You are somewhat resistant to further mutation.


Message History

Pikel the Slaver comes into view.
He is wielding a +1 whip of electrocution.
Autopickup is now on.
The lemure shouts!
The lemure shouts!
There is an escape hatch in the ceiling here.
The lemure barely misses you. A mysterious force pulls you upwards.
The hatch slams shut behind you. 2 giant cockroaches come into view.
Found a lumpy sapphire potion.
Found a stone staircase leading up.
The lemure barely misses you. The lemure hits you but does no damage.
A frilled lizard comes into view.
The frilled lizard hisses angrily.
There is a stone staircase leading up here.
You shoot a bolt. The bolt hits the lemure.
The lemure closely misses you.
You shoot a bolt. The bolt barely misses the lemure.
The lemure barely misses you.
You shoot a bolt. The bolt barely misses the lemure.
The bolt hits the frilled lizard.
You kill the frilled lizard!
The lemure hits you!
You shoot a bolt. The bolt barely misses the lemure.
The lemure hits you but does no damage. The lemure hits you.
You shoot a bolt. The bolt hits the lemure.
The lemure hits you.
You shoot a bolt. The bolt closely misses the lemure.
The lemure hits you!
* * * LOW HITPOINT WARNING * * *
Fire: 32 bolts
Aim: a lemure (moderately wounded, 60% to hit)
You shoot a bolt. The bolt barely misses the lemure.
The lemure misses you.
Fire: 31 bolts
Aim: a lemure (moderately wounded, 60% to hit)
You shoot a bolt. The bolt closely misses the lemure.
The lemure barely misses you.
Fire: 30 bolts
Aim: a lemure (moderately wounded, 60% to hit)
You shoot a bolt. The bolt hits the lemure.
The lemure hits you.
* * * LOW HITPOINT WARNING * * *
The lemure misses you.
Fire: 29 bolts
Aim: a lemure (heavily wounded, 60% to hit)
You shoot a bolt. The bolt hits the lemure!
The lemure hits you but does no damage.
Fire: 28 bolts
Aim: a lemure (almost dead, 60% to hit)
You shoot a bolt.
The bolt hits the lemure but does no damage.
The lemure hits you!
You die...

#..# #.(#
# #..#
####.#..#
..l....<#
####.##(#
#. #.# #
#5# #@#
#.# #.#
... #.#
###


You could see a lemure.

Vanquished Creatures
  Jessica (D:2)
  A worker ant (D:4)
  An adder (D:2)
  An ooze (D:1)
  A leopard gecko (D:2)
  3 giant cockroaches
  A hobgoblin (D:1)
  A kobold (D:1)
  3 bats (D:1)
  2 frilled lizards
  2 goblins
  6 rats
23 creatures vanquished.

Notes
Turn   | Place    | Note
-------+----------+-------------------------------------------
     0 | D:1      | vurker the Halfling Hunter began the quest for the Orb.
     0 | D:1      | Reached XP level 1. HP: 14/14 MP: 1/1
    24 | D:1      | You fall into a shaft and drop 1 floor!
    48 | D:2      | Reached XP level 2. HP: 9/19 MP: 2/2
   914 | D:1      | Reached skill level 5 in Crossbows
   944 | D:1      | Reached XP level 3. HP: 24/24 MP: 3/3
  1827 | D:2      | Noticed Jessica
  1840 | D:2      | Killed Jessica
  1841 | D:2      | Reached XP level 4. HP: 19/30 MP: 4/4
  1972 | D:2      | You fall into a shaft and drop 2 floors!
  1973 | D:4      | Noticed Sigmund
  2226 | D:4      | Noticed a lemure
  2226 | D:4      | Noticed a lemure
  2226 | D:4      | Noticed a lemure
  2226 | D:4      | Noticed a lemure
  2227 | D:4      | Noticed Pikel
  2252 | D:3      | Slain by a lemure

Illustrated notes

Levels and vault maps discovered:
D:1:      kennysheep_arrival_forest, layout_loops_corners, chequers_mini_garden,
          corner_web_ring, hex_large
D:2:      layout_loops_corners, uniq_jessica
D:3:      layout_basic, grunt_dithmenos_smoke_and_mirrors, lemuel_crystal_altar,
          fiery_altar_vehumet, hangedman_feature_mirror
D:4:      layout_basic, tgw_sif, gammafunk_temple_overflow_statue, serial_shops,
          shop, lemuel_altar_in_water, uniq_pikel, uniq_duvessa, uniq_sigmund

Skill      XL: |  1  2 |
---------------+-------+-----
Fighting       | 2 |  2.7
Crossbows      | 5 |  5.8
Dodging        | |  2.1
Stealth        | |  1.1

Action                   |  1- 3 |  4- 6 || total
-------------------------+-------+-------++-------
Melee: Short sword       |    76 |     1 ||    77
 Fire: Hand crossbow     |     6 |    17 ||    23
 Stab: Sleeping          |     3 |       ||     3
Armor: Leather armour    |    12 |     3 ||    15
Dodge: Dodged            |    69 |    13 ||    82

Table legend: (Time is in decaauts)
 A = Elapsed time spent in this place.
 B = Non-inter-level travel time spent in this place.
 C = Inter-level travel time spent in this place.
 D = Time resting spent in this place.
 E = Time spent auto-exploring this place.
 F = Levels seen in this place.
 G = Mean time per level.
                   A        B        C        D        E       F      G
               +--------+--------+--------+--------+--------+-----+--------+
         Total |   2262 |   2225 |     37 |      0 |   1946 |   4 |  565.5 |
       Dungeon |   2262 |   2225 |     37 |      0 |   1946 |   4 |  565.5 |
               +--------+--------+--------+--------+--------+-----+--------+

Top non-repeatable levels by time:
     D:1: 1056 daAuts
     D:2: 924 daAuts
     D:4: 261 daAuts
     D:3: 20 daAuts
